 Dungeon Crawl Stone Soup version 0.24.0-37-gcf1ca852f1 (webtiles) character file.

Game seed: 15774319608414230511, levelgen mode: deterministic

9876 Iamsoldier the Fighter (level 11, -6/89 HPs)
             Began as a Gnoll Abyssal Knight on Dec 6, 2019.
             Was a High Priest of Lugonu.
             Mangled by a redback (11 damage)
             ... summoned by a deep elf mage
             ... on level 12 of the Dungeon.
             The game lasted 00:37:54 (14898 turns).

Iamsoldier the Fighter (Gnoll Abyssal Knight)      Turns: 14898, Time: 00:37:55

Health: -6/89      AC:  5    Str: 22    XL:     11   Next: 53%
Magic:  15/20      EV: 15    Int: 15    God:    Lugonu [*****.]
Gold:   659        SH:  0    Dex: 17    Spells: 15/22 levels left

rFire    + . .     SeeInvis +   z - +6 spear (flame)
rCold    + . .     Gourm    .   (no shield)
rNeg     . . .     Faith    .   I - +1 ring mail "Yczyffod" {rCorr Str+4 Stlth+}
rPois    .         Spirit   .   a - +1 helmet
rElec    .         Reflect  .   n - scarf {rC+ rF+}
rCorr    +         Harm     .   i - +2 pair of gloves
MR       .....                  (no boots)
Stlth    ++++......             x - amulet of rage
HPRegen  0.24/turn              l - +3 ring of dexterity
MPRegen  0.17/turn              F - ring of see invisible

@: corroded, hasted, very quick
A: distributed training, fangs 1, strong nose
a: Depart the Abyss, Bend Space, Banish, Corrupt, Enter the Abyss, Renounce
Religion, Evoke Berserk Rage


You were on level 12 of the Dungeon.
You worshipped Lugonu.
Lugonu was extremely pleased with you.
You were not hungry.

You visited 2 branches of the dungeon, and saw 13 of its levels.
You visited the Abyss 1 time.
You also visited: Sewer.

You collected 659 gold pieces.

Inventory:

Hand Weapons
 f - a +3 spear of piercing
 z - a +6 spear of flaming (weapon)
 M - a +4 halberd
Missiles
 h - 3 javelins (quivered)
 A - 5 throwing nets
Armour
 a - a +1 helmet (worn)
 g - a scarf of cloud immunity
 i - a +2 pair of gloves (worn)
 n - a scarf of resistance (worn)
 I - the +1 ring mail "Yczyffod" (worn) {rCorr Str+4 Stlth+}
   (You found it on level 6 of the Dungeon)

   It affects your strength (+4).
   It provides partial protection from all sources of acid and corrosion.
   It makes you more stealthy.
 J - +0 steam dragon scales
 L - the cursed +0 chain mail "Ejoarrekhe" {+Fly Slay+5, unknown}
   (You found it on level 9 of the Dungeon)

   It affects your accuracy and damage with ranged weapons and melee attacks
   (+5).
   It lets you fly.
   It has a curse placed upon it.
Jewellery
 l - a +3 ring of dexterity (left hand)
 m - an uncursed ring of protection from magic
 w - a +3 ring of evasion
 x - an amulet of rage (around neck)
 F - a ring of see invisible (right hand)
 N - an uncursed ring of protection from magic
Wands
 y - a wand of flame (59)
 H - a wand of disintegration (7)
 K - a wand of acid (6)
 O - a wand of iceblast (9)
 P - a wand of random effects (10)
Scrolls
 b - a scroll of blinking
 k - a scroll of enchant weapon
 r - 3 scrolls of identify
 s - 6 scrolls of remove curse
 t - 4 scrolls of enchant armour
 u - 7 scrolls of teleportation
 B - 3 scrolls of magic mapping
 D - a scroll of fear
 R - a scroll of amnesia
Potions
 c - 3 potions of resistance
 e - 2 potions of brilliance
 j - 4 potions of magic
 o - a potion of might {unknown}
 p - a potion of curing
 q - 6 potions of agility
 v - a potion of haste
 C - 3 potions of flight
 G - a potion of berserk rage
Comestibles
 d - 20 rations
 Q - 6 chunks of flesh


   Skills:
 + Level 9.1 Fighting
 + Level 6.2 Short Blades
 + Level 6.2 Long Blades
 + Level 6.2 Axes
 + Level 7.8 Maces & Flails
 + Level 6.2 Polearms
 + Level 6.2 Staves
 + Level 6.2 Slings
 + Level 6.2 Bows
 + Level 6.2 Crossbows
 + Level 6.2 Throwing
 + Level 7.8 Armour
 + Level 6.8 Dodging
 + Level 6.2 Stealth
 + Level 6.2 Shields
 + Level 6.2 Unarmed Combat
 + Level 6.2 Spellcasting
 + Level 5.2 Conjurations
 + Level 5.2 Hexes
 + Level 5.2 Charms
 + Level 5.2 Summonings
 + Level 5.2 Necromancy
 + Level 5.2 Translocations
 + Level 5.2 Transmutations
 + Level 5.2 Fire Magic
 + Level 5.2 Ice Magic
 + Level 5.2 Air Magic
 + Level 5.2 Earth Magic
 + Level 5.2 Poison Magic
 + Level 8.3 Invocations
 + Level 6.2 Evocations


You had 15 spell levels left.
You knew the following spells:

 Your Spells              Type           Power        Failure   Level  Hunger
a - Animate Skeleton      Necr           N/A          2%          1    None
b - Dazzling Spray        Conj/Hex       ###...       8%          3    ##.....
c - Confuse               Hex            ###.....     8%          3    ##.....

Your spell library contained the following spells:

 Spells                   Type           Power        Failure   Level  Hunger
 Apportation              Tloc           ###...       2%          1    None
 Confusing Touch          Hex            ###...       2%          1    None
 Corona                   Hex            ###....      2%          1    None
 Freeze                   Ice            ###.         2%          1    None
 Summon Small Mammal      Summ           ###.         2%          1    None
 Ensorcelled Hibernation  Hex/Ice        ###...       3%          2    #......
 Throw Frost              Conj/Ice       ###...       3%          2    #......
 Ozocubu's Armour         Chrm/Ice       ###.....     8%          3    ##.....
 Tukima's Dance           Hex            ###.....     8%          3    ##.....
 Cause Fear               Hex            ###.......   26%         4    ####...
 Summon Ice Beast         Ice/Summ       ###.....     26%         4    ####...
 Throw Icicle             Conj/Ice       ###.....     26%         4    ####...
 Silence                  Hex/Air        ###.......   56%         5    ######.
 Yara's Violent Unravell  Hex/Tmut       ###.......   56%         5    ######.
 Deflect Missiles         Chrm/Air       ###.......   98%         6    #######
 Discord                  Hex            ###.......   100%        8    #######


Dungeon Overview and Level Annotations

Branches:
Dungeon (12/15)            Temple (1/1) D:4            Lair (0/6) D:9
    Orc (0/2) D:11          Sewer (visited)

Altars:
Ashenzari
Cheibriados
Dithmenos
Elyvilon
Fedhas
Gozag
Hepliaklqana
Kikubaaqudgha
Makhleb
Nemelex Xobeh
Okawaru
Qazlal
Ru
Sif Muna
Trog
Uskayaw
Vehumet
Wu Jian
Xom
Yredelemnul
Zin
The Shining One
Beogh

Shops:
D:6 }   D:12 [

Annotations:
Abyss:1 Dowan


Innate Abilities, Weirdness & Mutations

Your experience applies equally to all skills.
You have very sharp teeth.
Your uncanny sense of smell can sniff out nearby items.


Message History

* * * LOW HITPOINT WARNING * * *
It was a potion of curing.
You feel better. The redback closely misses you. The redback bites you!
* * * LOW HITPOINT WARNING * * *
Evoke which item? (* to show all) (? for menu, Esc to quit)
Aiming: Corrosive Bolt
Press: ? - help, Shift-Dir - straight line, f/p - deep elf mage
Aim: a deep elf mage, wielding a +0 rapier and wearing a +0 leather armour The bolt of acid hits the redback!!
The redback is splashed with acid.
The acid corrodes the redback!
The redback is almost dead.
The bolt of acid misses the deep elf mage.
The bolt of acid hits the hell rat!
The hell rat is splashed with acid.
The acid corrodes the hell rat!
You kill the hell rat!
The hell rat's corpse disappears in a puff of smoke!
The redback bites you!
* * * LOW HITPOINT WARNING * * *
The redback bites you!
You die...

..............#.........
...##########'#..#######
...#.............#
####.............#
........#####....# ∆ ........#
#....# ..#####.# #....# .
#...#.# #....# ∆ .. #...#.#
#...@# ....
#...#.#####..ss######+#+###....
#...#.........er....W..........
###'#.........W.4r.............
#..............................
##.........########.............
∆#...####...# #####...>.....
∆#...# #...# #......... ##...#
#...# #.?.......


You could see a deep elf mage, a red devil, 2 redbacks, a shadow (invisible) and
a hell rat.

Vanquished Creatures
  A two-headed ogre (D:11)
  2 centaur skeletons (D:8)
  A troll (D:9)
  5 hippogriffs
  A shadow (D:12)
  5 yaks (D:9)
  Eustachio (D:5)
  A wyvern (D:9)
  A steam dragon (D:10)
  A soldier ant (D:10)
  A water moccasin (D:12)
  Duvessa (D:5)
  5 orc warriors
  2 ice beasts
  2 sky beasts (D:8)
  An eye of draining (D:9)
  A phantom (D:8)
  7 ogres
  A necrophage (D:11)
  A wolf (D:6)
  2 centaurs
  A crocodile (D:8)
  5 big kobolds (Sewer)
  3 gnoll sergeants (D:6)
  6 bullfrogs
  5 scorpions
  6 wights (D:9)
  5 killer bees
  2 howler monkeys (D:8)
  A crimson imp (D:6)
  A quasit (D:7)
  3 gnoll shamans (D:6)
  8 hounds
  5 jellies
  8 orc priests
  3 bullfrog skeletons
  4 iguanas
  10 orc wizards
  5 worker ants
  A killer bee zombie (D:10)
  A hound zombie (D:6)
  A hound skeleton (D:7)
  18 gnolls (D:6)
  10 adders
  3 river rats
  A shadow imp (D:2)
  5 oozes
  2 adder zombies
  7 worms
  3 dart slugs
  4 leopard geckos
  50 orcs
  6 giant cockroaches
  9 goblins
  8 hobgoblins
  14 jackals
  10 kobolds
  2 quokkas
  8 ball pythons
  8 bats
  3 frilled lizards
  12 rats
310 creatures vanquished.

Vanquished Creatures (collateral kills)
  An unseen horror (D:11)
  A wyvern (D:8)
  A hungry ghost (D:9)
  An ogre (D:11)
  A bullfrog (D:6)
  A scorpion (D:9)
  A crimson imp (D:9)
  A hound (D:6)
  An orc wizard (D:6)
  A howler monkey zombie (D:8)
  An adder (D:6)
  5 orcs
  A jackal (D:6)
17 creatures vanquished.

Vanquished Creatures (others)
  A troll (D:9)
  An orc priest (D:9)
  A worker ant (D:9)
  An adder (D:9)
4 creatures vanquished.

Grand Total: 331 creatures vanquished

Notes
Turn   | Place    | Note
-------+----------+-------------------------------------------
     0 | Abyss:1  | Iamsoldier the Gnoll Abyssal Knight began the quest for the
                  | Orb.
     0 | Abyss:1  | Reached XP level 1. HP: 23/23 MP: 3/3
    38 | Abyss:1  | Noticed an efreet
    48 | D:1      | Escaped the Abyss
   195 | D:1      | Reached XP level 2. HP: 29/29 MP: 5/5
   324 | D:1      | Reached ** piety under Lugonu
   508 | D:1      | Reached XP level 3. HP: 35/35 MP: 6/6
   778 | D:2      | Reached skill level 1 in Short Blades
   778 | D:2      | Reached skill level 1 in Long Blades
   778 | D:2      | Reached skill level 1 in Axes
   778 | D:2      | Reached skill level 1 in Polearms
   778 | D:2      | Reached skill level 1 in Staves
   778 | D:2      | Reached skill level 1 in Slings
   778 | D:2      | Reached skill level 1 in Bows
   778 | D:2      | Reached skill level 1 in Crossbows
   778 | D:2      | Reached skill level 1 in Throwing
   778 | D:2      | Reached skill level 1 in Stealth
   778 | D:2      | Reached skill level 1 in Shields
   778 | D:2      | Reached skill level 1 in Unarmed Combat
   778 | D:2      | Reached skill level 1 in Spellcasting
   778 | D:2      | Reached skill level 1 in Evocations
   778 | D:2      | Reached XP level 4. HP: 30/41 MP: 7/7
  1304 | D:2      | Reached skill level 1 in Conjurations
  1304 | D:2      | Reached skill level 1 in Hexes
  1304 | D:2      | Reached skill level 1 in Charms
  1304 | D:2      | Reached skill level 1 in Summonings
  1304 | D:2      | Reached skill level 1 in Necromancy
  1304 | D:2      | Reached skill level 1 in Translocations
  1304 | D:2      | Reached skill level 1 in Transmutations
  1304 | D:2      | Reached skill level 1 in Fire Magic
  1304 | D:2      | Reached skill level 1 in Ice Magic
  1304 | D:2      | Reached skill level 1 in Air Magic
  1304 | D:2      | Reached skill level 1 in Earth Magic
  1304 | D:2      | Reached skill level 1 in Poison Magic
  1869 | D:3      | Reached XP level 5. HP: 47/47 MP: 8/8
  2345 | D:3      | Reached *** piety under Lugonu
  3081 | D:4      | Found a staircase to the Ecumenical Temple.
  3290 | D:4      | Noticed an ogre
  3333 | Temple   | Entered the Ecumenical Temple
  3586 | D:4      | Killed an ogre
  3586 | D:4      | Reached skill level 5 in Invocations
  3586 | D:4      | Reached XP level 6. HP: 27/53 MP: 9/9
  3820 | D:4      | Reached skill level 5 in Maces & Flails
  3820 | D:4      | Reached skill level 5 in Armour
  4736 | D:5      | Entered Level 5 of the Dungeon
  4824 | D:5      | Reached XP level 7. HP: 59/59 MP: 10/10
  5027 | D:5      | Reached skill level 7 in Fighting
  5102 | D:5      | Found a glowing golden altar of the Shining One.
  5163 | D:5      | Found a glowing drain.
  5205 | Sewer    | Entered a sewer
  5334 | Sewer    | Reached **** piety under Lugonu
  5446 | Sewer    | Reached XP level 8. HP: 57/67 MP: 12/12
  5689 | D:5      | Noticed Eustachio
  5711 | D:5      | Killed Eustachio
  5934 | D:5      | Noticed Duvessa
  5934 | D:5      | Noticed Dowan
  5957 | D:5      | Killed Duvessa
  5963 | D:5      | HP: 3/67 [Dowan/shard of ice (15)]
  5964 | D:5      | Banished Dowan
  6885 | D:6      | Found Ciwk's Gadget Shoppe.
  6937 | D:6      | Reached XP level 9. HP: 72/72 MP: 14/14
  7463 | D:6      | Got a steaming ring mail
  7473 | D:6      | Identified the cursed +1 ring mail "Yczyffod" {rCorr Str+4
                  | Stlth+} (You found it on level 6 of the Dungeon)
  7490 | D:6      | Learned a level 1 spell: Animate Skeleton
  7673 | D:6      | Reached skill level 5 in Dodging
  8355 | D:7      | Learned a level 3 spell: Dazzling Spray
  8359 | D:7      | Learned a level 3 spell: Confuse
  8359 | D:7      | Found a white marble altar of Elyvilon.
  8436 | D:7      | Reached skill level 8 in Fighting
  9456 | D:8      | Reached XP level 10. HP: 76/80 MP: 15/17
 10134 | D:8      | Reached skill level 5 in Short Blades
 10134 | D:8      | Reached skill level 5 in Long Blades
 10134 | D:8      | Reached skill level 5 in Axes
 10134 | D:8      | Reached skill level 5 in Polearms
 10134 | D:8      | Reached skill level 5 in Staves
 10134 | D:8      | Reached skill level 5 in Slings
 10134 | D:8      | Reached skill level 5 in Bows
 10134 | D:8      | Reached skill level 5 in Crossbows
 10134 | D:8      | Reached skill level 5 in Throwing
 10134 | D:8      | Reached skill level 5 in Stealth
 10134 | D:8      | Reached skill level 5 in Shields
 10134 | D:8      | Reached skill level 5 in Unarmed Combat
 10134 | D:8      | Reached skill level 5 in Spellcasting
 10134 | D:8      | Reached skill level 5 in Evocations
 10802 | D:9      | Found a shimmering altar of Xom.
 10916 | D:9      | Reached ***** piety under Lugonu
 11080 | D:9      | Got a shimmering chain mail
 11642 | D:9      | Reached XP level 11. HP: 44/87 MP: 19/19
 12112 | D:9      | Found a staircase to the Lair.
 12226 | D:10     | Entered Level 10 of the Dungeon
 13195 | D:11     | Found a staircase to the Orcish Mines.
 13198 | D:11     | Noticed a two-headed ogre
 13244 | D:11     | Killed a two-headed ogre
 13244 | D:11     | Reached skill level 9 in Fighting
 13244 | D:11     | Reached skill level 5 in Conjurations
 13244 | D:11     | Reached skill level 5 in Hexes
 13244 | D:11     | Reached skill level 5 in Charms
 13244 | D:11     | Reached skill level 5 in Summonings
 13244 | D:11     | Reached skill level 5 in Necromancy
 13244 | D:11     | Reached skill level 5 in Translocations
 13244 | D:11     | Reached skill level 5 in Transmutations
 13244 | D:11     | Reached skill level 5 in Fire Magic
 13244 | D:11     | Reached skill level 5 in Ice Magic
 13244 | D:11     | Reached skill level 5 in Air Magic
 13244 | D:11     | Reached skill level 5 in Earth Magic
 13244 | D:11     | Reached skill level 5 in Poison Magic
 13336 | D:11     | Killed an unseen horror
 13673 | D:11     | Found a roughly hewn altar of Beogh.
 14389 | D:12     | Found Acwol's Armour Boutique.
 14879 | D:12     | Noticed a deep elf mage
 14898 | D:12     | Mangled by a redback

Levels and vault maps discovered:
D:1:      nzn_arrival_depleted_hourglass, layout_basic, minivault_26
D:2:      layout_basic, first_ration, roderic_cross_of_infinity
D:3:      layout_basic
D:4:      layout_loops_corners, minmay_temple_entry_sparse_star, minmay_bisected
D:5:      layout_loops_ring, portal_sewer_entry_b, nicolae_tso_carved_into_rock,
          uniq_eustachio, uniq_duvessa
D:6:      minmay_bubble_buster, layout_cave_pools, serial_shops, shop,
          serial_gnoll_camp, gnoll_camp_medium_02, gnoll_camp_mini_loothouse,
          gnoll_camp_mini_basic, gnoll_camp_mini_hut, gnoll_camp_medium_01
D:7:      layout_loops_corners, elyvilon_altar_1
D:8:      layout_rooms, chequers_serial_rivers_small_3
D:9:      layout_loops_ring, xom_confusion_cloud, lair_entry_dummy
D:10:     layout_basic
D:11:     layout_rooms, minmay_orc_entry_temple_small
D:12:     layout_irregular_city, serial_glass, glass_columns_a, glass_columns_a,
          glass_columns_a, glass_columns_a, glass_columns_a, glass_columns_a,
          glass_columns_b, glass_columns_b, glass_columns_b, glass_columns_a,
          serial_shops, shop, hangedman_pestilent_swarm
Temple:   kilobyte_greek_temple

Skill      XL: |  1  2  3  4  5  6  7  8  9 10 11 |
---------------+----------------------------------+-----
Short Blades   | 1 2 3 4 5 6 |  6.2
Long Blades    | 1 2 3 4 5 6 |  6.2
Axes           | 1 2 3 4 5 6 |  6.2
Polearms       | 1 2 3 4 5 6 |  6.2
Staves         | 1 2 3 4 5 6 |  6.2
Slings         | 1 2 3 4 5 6 |  6.2
Bows           | 1 2 3 4 5 6 |  6.2
Crossbows      | 1 2 3 4 5 6 |  6.2
Throwing       | 1 2 3 4 5 6 |  6.2
Stealth        | 1 2 3 4 5 6 |  6.2
Shields        | 1 2 3 4 5 6 |  6.2
Unarmed Combat | 1 2 3 4 5 6 |  6.2
Spellcasting   | 1 2 3 4 5 6 |  6.2
Evocations     | 1 2 3 4 5 6 |  6.2
Conjurations   | 1 2 3 4 5 |  5.2
Hexes          | 1 2 3 4 5 |  5.2
Charms         | 1 2 3 4 5 |  5.2
Summonings     | 1 2 3 4 5 |  5.2
Necromancy     | 1 2 3 4 5 |  5.2
Translocations | 1 2 3 4 5 |  5.2
Transmutations | 1 2 3 4 5 |  5.2
Fire Magic     | 1 2 3 4 5 |  5.2
Ice Magic      | 1 2 3 4 5 |  5.2
Air Magic      | 1 2 3 4 5 |  5.2
Earth Magic    | 1 2 3 4 5 |  5.2
Poison Magic   | 1 2 3 4 5 |  5.2
Dodging        | 3 4 5 6 |  6.8
Invocations    | 5 6 7 8 |  8.3
Maces & Flails | 5 6 7 |  7.8
Armour         | 5 6 7 |  7.8
Fighting       | 7 8 9 |  9.1

Action                   |  1- 3 |  4- 6 |  7- 9 | 10-12 || total
-------------------------+-------+-------+-------+-------++-------
Melee: Spear             |    63 |   226 |   534 |   452 ||  1275
       Bite              |     6 |    20 |    55 |    61 ||   142
       Punch             |       |     1 |     7 |    17 ||    25
 Cast: Animate Skeleton  |       |       |    10 |    37 ||    47
       Confuse           |       |       |       |     4 ||     4
       Dazzling Spray    |       |       |       |     2 ||     2
Invok: Bend Space        |       |     2 |       |     4 ||     6
       Banish            |       |       |     1 |       ||     1
Evoke: Wand              |       |       |     3 |     2 ||     5
  Use: Scroll            |       |    10 |    11 |     1 ||    22
       Potion            |       |       |     1 |     3 ||     4
 Stab: Sleeping          |     1 |       |     6 |    11 ||    18
       Distracted        |       |     1 |       |     2 ||     3
       Confused          |       |       |       |     6 ||     6
  Eat: Chunk             |       |    12 |     9 |    17 ||    38
       Ration            |       |       |     2 |     1 ||     3
Armor: Leather armour    |     1 |       |       |       ||     1
       Ring mail         |     8 |       |    57 |   127 ||   192
       Scale mail        |       |    74 |    64 |       ||   138
       Plate armour      |       |       |   124 |       ||   124
Dodge: Dodged            |    31 |    84 |   300 |   322 ||   737
